| TOP OF THE 1ST |
|
New Orleans Zephyrs batting - Pitching for Gwinnett Braves : RHP Jim Kincaid
|
|
Pitching: RHP Jim Kincaid
|
|
|
Batting: RHB Boof Howell
|
0-0: Foul Ball, location: 2F 0-1: Called Strike 0-2: Strikes out swinging
|
|
Batting: SHB Ramon Martinez
|
0-0: Foul Ball, location: 2F 0-1: Ball 1-1: Fly out, F8 (Flyball, 89M, EV 89.4 MPH)
|
|
Batting: RHB Manuel Taveras
|
0-0: Called Strike 0-1: Foul Ball, location: 2F 0-2: Ball 1-2: Fly out, F3 (Line Drive, 3, EV 73.8 MPH)
|
| Top of the 1st over - 0 runs, 0 hits, 0 errors, 0 left on base; New Orleans 0 - Gwinnett 0 |
| BOTTOM OF THE 1ST |
|
Gwinnett Braves batting - Pitching for New Orleans Zephyrs : RHP Nick Newmaster
|
|
Pitching: RHP Nick Newmaster
|
|
|
Batting: RHB Nate Taylor
|
0-0: Ball 1-0: Ground out 6-3 (Groundball, 6S, EV 81.2 MPH)
|
|
Batting: RHB Jeremy Giesler
|
0-0: Called Strike 0-1: Foul Ball, location: 2F 0-2: Strikes out swinging
|
|
Batting: SHB Bob Morales
|
0-0: Called Strike 0-1: SOLO HOME RUN (Flyball, 9D, EV 96.2 MPH), Distance : 369 ft
|
|
Batting: RHB Muneer Maudad
|
0-0: Ball 1-0: Ball 2-0: Foul Ball, location: 2F 2-1: Called Strike 2-2: Ball 3-2: Foul Ball, location: 2F 3-2: Base on Balls
|
|
Batting: SHB Brian Bagley
|
0-0: Swinging Strike 0-1: Foul Ball, location: 2F 0-2: Strikes out swinging
|
| Bottom of the 1st over - 1 run, 1 hit, 0 errors, 1 left on base; New Orleans 0 - Gwinnett 1 |
| TOP OF THE 2ND |
|
New Orleans Zephyrs batting - Pitching for Gwinnett Braves : RHP Jim Kincaid
|
|
Batting: RHB Rick Fell
|
0-0: Ball 1-0: Swinging Strike 1-1: Ball 2-1: Foul Ball, location: 2F 2-2: Foul Ball, location: 2F 2-2: Strikes out swinging
|
|
Batting: RHB Isaiah Brockman
|
0-0: Called Strike 0-1: SINGLE (Line Drive, 7S, EV 90.0 MPH)
|
|
Batting: LHB David Doge
|
0-0: Ball 1-0: Ball 2-0: Called Strike 2-1: Grounds out, U3 (Groundball, 3L, EV 80.0 MPH)
|
|
Batting: RHB Orlando Landa
|
0-0: Called Strike 0-1: Swinging Strike 0-2: Strikes out swinging
|
| Top of the 2nd over - 0 runs, 1 hit, 0 errors, 1 left on base; New Orleans 0 - Gwinnett 1 |
| BOTTOM OF THE 2ND |
|
Gwinnett Braves batting - Pitching for New Orleans Zephyrs : RHP Nick Newmaster
|
|
Batting: SHB Troy Kenyon
|
0-0: Ball 1-0: Swinging Strike 1-1: Foul Ball, location: 2F 1-2: Ball 2-2: Foul Ball, location: 2F 2-2: Foul Ball, location: 2F 2-2: Ball 3-2: Foul Ball, location: 2F 3-2: Foul Ball, location: 2F 3-2: Foul Ball, location: 2F 3-2: Ground out 4-3 (Groundball, 4, EV 90.0 MPH)
|
|
Batting: RHB Jesse Lester
|
0-0: Ball 1-0: Ball 2-0: Called Strike 2-1: Ball 3-1: Base on Balls
|
|
Batting: RHB Edgar Castillo
|
0-0: Ball 1-0: Foul Ball, location: 2F 1-1: DOUBLE (Flyball, 78D, EV 91.2 MPH) Jesse Lester to third Runner from 3rd tries for Home, SAFE, throw by LF to home
|
|
Batting: RHB Riley Nasiir
|
0-0: Ball 1-0: Ground out 6-3 (Groundball, 56, EV 103.8 MPH)
|
|
Batting: RHB Nate Taylor
|
0-0: Ball 1-0: Called Strike 1-1: Ball 2-1: Called Strike 2-2: Strikes out swinging
|
| Bottom of the 2nd over - 1 run, 1 hit, 0 errors, 1 left on base; New Orleans 0 - Gwinnett 2 |
| TOP OF THE 3RD |
|
New Orleans Zephyrs batting - Pitching for Gwinnett Braves : RHP Jim Kincaid
|
|
Batting: RHB Masumitsu Sugiura
|
0-0: Ground out 1-3 (Groundball, 15S, EV 71.9 MPH)
|
|
Batting: SHB Matt Moore
|
0-0: Ball 1-0: Swinging Strike 1-1: Swinging Strike 1-2: Ball 2-2: Ground out 4-3 (Groundball, 4, EV 106.2 MPH)
|
|
Batting: RHB Boof Howell
|
0-0: Ball 1-0: Ground out 5-3 (Groundball, 5, EV 90.0 MPH)
|
| Top of the 3rd over - 0 runs, 0 hits, 0 errors, 0 left on base; New Orleans 0 - Gwinnett 2 |
| BOTTOM OF THE 3RD |
|
Gwinnett Braves batting - Pitching for New Orleans Zephyrs : RHP Nick Newmaster
|
|
Batting: RHB Jeremy Giesler
|
0-0: Called Strike 0-1: Ball 1-1: Ball 2-1: Ball 3-1: Base on Balls
|
|
Batting: SHB Bob Morales
|
0-0: Ball Jeremy Giesler steals 2nd base 1-0: Ground out U3 (Groundball, 34, EV 85.6 MPH) Jeremy Giesler to third
|
|
Batting: RHB Muneer Maudad
|
0-0: Ball 1-0: Called Strike 1-1: Foul Ball, location: 2F 1-2: Foul Ball, location: 2F 1-2: Ball 2-2: Strikes out looking
|
|
Batting: SHB Brian Bagley
|
0-0: Called Strike 0-1: Ball Wild Pitch! Jeremy Giesler scores 1-1: Fly out, F9 (Flyball, 9, EV 88.8 MPH)
|
| Bottom of the 3rd over - 1 run, 0 hits, 0 errors, 0 left on base; New Orleans 0 - Gwinnett 3 |
| TOP OF THE 4TH |
|
New Orleans Zephyrs batting - Pitching for Gwinnett Braves : RHP Jim Kincaid
|
|
Batting: SHB Ramon Martinez
|
0-0: Ball 1-0: Foul Ball, location: 2F 1-1: Foul Ball, location: 2F 1-2: TRIPLE (Flyball, 78XD, EV 109.4 MPH)
|
|
Batting: RHB Manuel Taveras
|
0-0: Ball 1-0: Ball 2-0: Ball 3-0: Called Strike 3-1: Ground out 6-3 (Groundball, 6, EV 85.0 MPH) Ramon Martinez scores
|
|
Batting: RHB Rick Fell
|
0-0: Called Strike 0-1: Fly out, F9 (Flyball, 89M, EV 83.1 MPH)
|
|
Batting: RHB Isaiah Brockman
|
0-0: Ball 1-0: Ground out 6-3 (Groundball, 6, EV 108.1 MPH)
|
| Top of the 4th over - 1 run, 1 hit, 0 errors, 0 left on base; New Orleans 1 - Gwinnett 3 |
| BOTTOM OF THE 4TH |
|
Gwinnett Braves batting - Pitching for New Orleans Zephyrs : RHP Nick Newmaster
|
|
Batting: SHB Troy Kenyon
|
0-0: Ball 1-0: Fly out, F8 (Flyball, 8LM, EV 93.1 MPH)
|
|
Batting: RHB Jesse Lester
|
0-0: Called Strike 0-1: Called Strike 0-2: Ball 1-2: Ball 2-2: Ball 3-2: Foul Ball, location: 2F 3-2: Base on Balls
|
|
Batting: RHB Edgar Castillo
|
0-0: Swinging Strike 0-1: Grounds into double play, 5-4-3 (Groundball, 56, EV 84.4 MPH)
|
| Bottom of the 4th over - 0 runs, 0 hits, 0 errors, 0 left on base; New Orleans 1 - Gwinnett 3 |
| TOP OF THE 5TH |
|
New Orleans Zephyrs batting - Pitching for Gwinnett Braves : RHP Jim Kincaid
|
|
Batting: LHB David Doge
|
0-0: Swinging Strike 0-1: Called Strike 0-2: Foul Ball, location: 2F 0-2: Ball 1-2: Strikes out swinging
|
|
Batting: RHB Orlando Landa
|
0-0: Called Strike 0-1: Ball 1-1: Ball 2-1: Swinging Strike 2-2: Ball 3-2: SINGLE (Groundball, 5D, EV 111.2 MPH)
|
|
Batting: RHB Masumitsu Sugiura
|
0-0: Ball 1-0: Swinging Strike 1-1: Fly out, F8 (Flyball, 8RD, EV 108.1 MPH)
|
|
Batting: SHB Matt Moore
|
0-0: Fly out, F8 (Flyball, 8RD, EV 88.1 MPH)
|
| Top of the 5th over - 0 runs, 1 hit, 0 errors, 1 left on base; New Orleans 1 - Gwinnett 3 |
| BOTTOM OF THE 5TH |
|
Gwinnett Braves batting - Pitching for New Orleans Zephyrs : RHP Nick Newmaster
|
|
Batting: RHB Riley Nasiir
|
0-0: Called Strike 0-1: Foul Ball, location: 2F 0-2: Strikes out swinging
|
|
Batting: RHB Nate Taylor
|
0-0: Called Strike 0-1: Ball 1-1: Ball 2-1: Swinging Strike 2-2: Strikes out looking
|
|
Batting: RHB Jeremy Giesler
|
0-0: Swinging Strike 0-1: Ball 1-1: Ball 2-1: Foul Ball, location: 2F 2-2: Ball 3-2: Fly out, F8 (Flyball, 8LM, EV 86.2 MPH)
|
| Bottom of the 5th over - 0 runs, 0 hits, 0 errors, 0 left on base; New Orleans 1 - Gwinnett 3 |
| TOP OF THE 6TH |
|
New Orleans Zephyrs batting - Pitching for Gwinnett Braves : RHP Jim Kincaid
|
|
Batting: RHB Boof Howell
|
0-0: Ball 1-0: Foul Ball, location: 2F 1-1: Swinging Strike 1-2: Ball 2-2: Foul Ball, location: 2F 2-2: Foul Ball, location: 2F 2-2: Strikes out looking
|
|
Batting: SHB Ramon Martinez
|
0-0: Foul Ball, location: 2F 0-1: Swinging Strike 0-2: Strikes out swinging
|
|
Batting: RHB Manuel Taveras
|
0-0: Ball 1-0: Fly out, F9 (Flyball, 9S, EV 87.5 MPH)
|
| Top of the 6th over - 0 runs, 0 hits, 0 errors, 0 left on base; New Orleans 1 - Gwinnett 3 |
| BOTTOM OF THE 6TH |
|
Gwinnett Braves batting - Pitching for New Orleans Zephyrs : RHP Nick Newmaster
|
|
Batting: SHB Bob Morales
|
0-0: Foul Ball, location: 2F 0-1: Ball 1-1: Swinging Strike 1-2: Ball 2-2: Ball 3-2: Ground out 1-3 (Groundball, 13S, EV 66.9 MPH)
|
|
Batting: RHB Muneer Maudad
|
0-0: Ball 1-0: Ball 2-0: Called Strike 2-1: Fly out, F8 (Flyball, 89M, EV 90.0 MPH)
|
|
Batting: SHB Brian Bagley
|
0-0: Ball 1-0: Ball 2-0: Ball 3-0: Fly out, F8 (Flyball, 8RD, EV 99.4 MPH)
|
| Bottom of the 6th over - 0 runs, 0 hits, 0 errors, 0 left on base; New Orleans 1 - Gwinnett 3 |
| TOP OF THE 7TH |
|
New Orleans Zephyrs batting - Pitching for Gwinnett Braves : RHP Jim Kincaid
|
|
Batting: RHB Rick Fell
|
0-0: Ball 1-0: Ground out 3-1 (Groundball, 34, EV 105.6 MPH)
|
|
Batting: RHB Isaiah Brockman
|
0-0: Ball 1-0: DOUBLE (Line Drive, 78D, EV 101.2 MPH)
|
|
Batting: LHB David Doge
|
0-0: Ball 1-0: Ball 2-0: Called Strike 2-1: Called Strike 2-2: Ball 3-2: Base on Balls
|
|
Pinch Runner at 2nd Harrie de Kam:
|
|
|
Batting: RHB Orlando Landa
|
0-0: Ball 1-0: Ball 2-0: Ball 3-0: Called Strike 3-1: Fly out, F7 (Flyball, 7, EV 86.2 MPH)
|
|
Batting: RHB Masumitsu Sugiura
|
0-0: Swinging Strike 0-1: Swinging Strike 0-2: Foul Ball, location: 2F 0-2: Strikes out swinging
|
| Top of the 7th over - 0 runs, 1 hit, 0 errors, 2 left on base; New Orleans 1 - Gwinnett 3 |
| BOTTOM OF THE 7TH |
|
Gwinnett Braves batting - Pitching for New Orleans Zephyrs : RHP Nick Newmaster
|
|
Now at 1B: Harrie de Kam
|
|
|
Batting: SHB Troy Kenyon
|
0-0: Called Strike 0-1: Called Strike 0-2: Hit by Pitch
|
|
Pitching: RHP Giampaolo Nobile
|
|
|
Batting: RHB Jesse Lester
|
0-0: Bunted foul 0-1: Bunt missed! 0-2: Ball 1-2: Ball 2-2: Strikes out looking
|
|
Batting: RHB Edgar Castillo
|
0-0: Foul Ball, location: 2F 0-1: Reached on error, E6 (Groundball, 6, EV 108.1 MPH) Troy Kenyon to second
|
|
Batting: RHB Riley Nasiir
|
0-0: Foul Ball, location: 2F 0-1: Foul Ball, location: 2F 0-2: Ball 1-2: Ball 2-2: Ball 3-2: Strikes out looking
|
|
Batting: RHB Nate Taylor
|
0-0: Called Strike 0-1: Swinging Strike 0-2: Ball 1-2: Ball 2-2: DOUBLE (Line Drive, 89XD, EV 106.9 MPH) Troy Kenyon scores Edgar Castillo to third Runner from 3rd tries for Home, SAFE, throw by RF to home
|
|
Batting: RHB Jeremy Giesler
|
0-0: Ball 1-0: Ball 2-0: Ball 3-0: Base on Balls
|
|
Batting: SHB Bob Morales
|
0-0: Foul Ball, location: 2F 0-1: Ball 1-1: Foul Ball, location: 2F 1-2: Strikes out swinging
|
| Bottom of the 7th over - 2 runs, 1 hit, 1 error, 2 left on base; New Orleans 1 - Gwinnett 5 |
| TOP OF THE 8TH |
|
New Orleans Zephyrs batting - Pitching for Gwinnett Braves : RHP Jim Kincaid
|
|
Batting: SHB Matt Moore
|
0-0: Ball 1-0: Ball 2-0: Called Strike 2-1: Foul Ball, location: 2F 2-2: Ball 3-2: Foul Ball, location: 2F 3-2: Base on Balls
|
|
Batting: RHB Boof Howell
|
0-0: Ball 1-0: Called Strike 1-1: Ball 2-1: Foul Ball, location: 2F 2-2: Foul Ball, location: 2F 2-2: Ball 3-2: Ground out 5-3 (Groundball, 56S, EV 71.2 MPH) Matt Moore to second
|
|
Pitching: RHP Orlando Velazquez
|
|
|
Batting: SHB Ramon Martinez
|
0-0: Ball 1-0: Called Strike 1-1: Swinging Strike 1-2: Ball 2-2: Ball 3-2: Strikes out swinging
|
|
Batting: RHB Manuel Taveras
|
0-0: Called Strike 0-1: DOUBLE (Line Drive, 89D, EV 113.8 MPH) Matt Moore scores
|
|
Batting: RHB Rick Fell
|
0-0: Called Strike 0-1: Called Strike 0-2: Ball 1-2: Ground out 5-3 (Groundball, 5, EV 102.5 MPH)
|
| Top of the 8th over - 1 run, 1 hit, 0 errors, 1 left on base; New Orleans 2 - Gwinnett 5 |
| BOTTOM OF THE 8TH |
|
Gwinnett Braves batting - Pitching for New Orleans Zephyrs : RHP Giampaolo Nobile
|
|
Pitching: RHP Chris Forster
|
|
|
Batting: RHB Muneer Maudad
|
0-0: Called Strike 0-1: Foul Ball, location: 2F 0-2: Fly out, F9 (Flyball, 89M, EV 83.1 MPH)
|
|
Batting: SHB Brian Bagley
|
0-0: Ball 1-0: Fly out, F8 (Flyball, 89M, EV 91.9 MPH)
|
|
Batting: SHB Troy Kenyon
|
0-0: Ball 1-0: Called Strike 1-1: Called Strike 1-2: Ball 2-2: Ball 3-2: Foul Ball, location: 2F 3-2: Base on Balls
|
|
Batting: RHB Jesse Lester
|
0-0: Called Strike 0-1: Ball 1-1: Foul Ball, location: 2F 1-2: Fly out, F8 (Flyball, 8RD, EV 94.4 MPH)
|
| Bottom of the 8th over - 0 runs, 0 hits, 0 errors, 1 left on base; New Orleans 2 - Gwinnett 5 |
| TOP OF THE 9TH |
|
New Orleans Zephyrs batting - Pitching for Gwinnett Braves : RHP Orlando Velazquez
|
|
Pitching: RHP Dennis Holifield
|
|
|
Batting: RHB Harrie de Kam
|
0-0: Ball 1-0: Swinging Strike 1-1: Foul Ball, location: 2F 1-2: Strikes out swinging
|
|
Batting: LHB David Doge
|
0-0: Ball 1-0: Ball 2-0: Fly out, F3 (Popup, 3, EV 58.8 MPH)
|
|
Batting: RHB Orlando Landa
|
0-0: Ball 1-0: Swinging Strike 1-1: Ball 2-1: Foul Ball, location: 2F 2-2: Strikes out swinging
|
| Top of the 9th over - 0 runs, 0 hits, 0 errors, 0 left on base; New Orleans 2 - Gwinnett 5 |
|